 Dungeon Crawl Stone Soup version 0.31.0-1-g2c135a008e (webtiles) character file.

Game seed: 5469144136565469429

78 qw the Shooter (level 4, 0/35 HPs)
             Began as a Djinni Hunter on Jan 23, 2024.
             Killed from afar by an orc wizard (2 damage)
             ... with a puff of flame
             ... on level 3 of the Dungeon.
             The game lasted 00:00:07 (1652 turns).

qw the Shooter (Djinni Hunter)                      Turns: 1652, Time: 00:00:07

Health: 0/35       AC:  6    Str: 10    XL:     4   Next: 61%
Gold:   114        EV: 11    Int: 10    God:
                   SH:  0    Dex: 19

rFire   + + .        a - +0 shortbow
rCold   x . .        (shield currently unavailable)
rNeg    . . .        h - +0 ring mail
rPois   inf          b - +0 helmet
rElec   .            (no cloak)
rCorr   .            (no gloves)
SInv    .            (boots unavailable)
Will    .....        (no amulet)
Stlth   +            (no ring)
HPRegen 0.25/turn    (no ring)
MPRegen 0.00/turn

%: infuse magic (-1 HP)
@: flying
A: sickness immunity, fire resistance 2, cold vulnerability 1, float, innate
caster, HP casting, extra vitality 1
a: no special abilities


You were on level 3 of the Dungeon.
You visited 1 branch of the dungeon, and saw 3 of its levels.

You collected 114 gold pieces.


Innate Abilities, Weirdness & Mutations

You are immune to sickness and miasma.
You are immune to poison.
Your flesh is very heat resistant. (rF++)
You are vulnerable to cold. (rC-)
You float through the air rather than walking.
You learn spells naturally, not from books.
Your magical power is your life essence.
You have superior vitality. (+4 MHP)


   Skills:
 - Level 3.0 Fighting
 + Level 4.0 Ranged Weapons
 - Level 1.0 Armour
 - Level 2.5 Dodging
 - Level 0.7 Stealth


You knew the following spells:

 Your Spells              Type           Power      Damage    Failure   Level
a - Necrotise             Necr           0%         1d4       67%         1
Your spell library was empty.

Inventory:

Hand Weapons
 a - a +0 shortbow (weapon)
Armour
 b - a +0 helmet (worn)
 h - a +0 ring mail (worn)
Wands
 c - a wand of mindburst (12)
 e - a wand of polymorph (9)
Scrolls
 d - 5 scrolls of identify
Potions
 f - a potion of curing

Dungeon Overview and Level Annotations

Branches:
Dungeon (3/15)

Altars:
Dithmenos

Shops:
D:2 [


Message History

Something hits you but does no damage. The orc barely misses you.
Your Armour skill increases to level 1!
You shoot an arrow.
The arrow hits the orc but does no damage.
Something hits you but does no damage. The orc completely misses you.
You shoot an arrow. The arrow closely misses the orc.
Something hits you. Something hits you but does no damage.
The orc closely misses you.
You shoot an arrow. The arrow hits the orc.
The orc is almost dead.
Something hits you. The orc closely misses you.
You shoot an arrow. The arrow barely misses the orc.
You hear some strange, mumbled words.
A magic dart appears from out of thin air!
The magic dart hits you. Something hits you but does no damage.
The orc closely misses you.
You shoot an arrow. The arrow hits the orc.
You kill the orc!
Something hits you but does no damage.
You shoot an arrow. Something hits you but does no damage.
You shoot an arrow. Something hits you. Something hits you but does no damage.
You shoot an arrow.
You hear some strange, mumbled words.
A magic dart appears from out of thin air!
The magic dart hits you.
You shoot an arrow. Something hits you but does no damage.
You shoot an arrow. Something hits you but does no damage.
You shoot an arrow. Something hits you. Something hits you but does no damage.
You shoot an arrow. Something hits you.
You shoot an arrow.
You hear some strange, mumbled words.
A puff of flame appears from out of thin air!
The puff of flame hits you. You resist.
You die...

#.###.##.# #(.......#
#........# ##...#####
#####.#### ##.## #...#
#.# ###.# #.# ## #.#
##+# #. #># ##...## #.
#.# ##.....###. #@#
##....[..##. #..){)#
#.........#. ...).......
+.........'.
.###....!.###.........#.
#......# #.......###
#.....## ##.....##
###.### ##...## #. ##'##
#.#


There were no monsters in sight!

Vanquished Creatures
  Robin (D:2)
  4 orcs (D:3)
  5 endoplasms
  3 giant cockroaches
  16 hobgoblins
  A quokka (D:2)
  4 ball pythons
  11 goblins
  4 kobolds
  4 rats (D:2)
53 creatures vanquished.

Notes
Turn   | Place    | Note
-------+----------+-------------------------------------------
     0 | D:1      | qw the Djinni Hunter began the quest for the Orb.
     0 | D:1      | Reached XP level 1. HP: 18/18 MP: 0/0
     0 | D:1      | 0 ||| qw: Version: 0.3-a-136-gdd3b4e8
     0 | D:1      | 0 ||| qw: Game counter: 1092
     0 | D:1      | 0 ||| qw: Melee chars always use a shield: true
     0 | D:1      | 0 ||| qw: God list: Okawaru
     0 | D:1      | 0 ||| qw: Allow faded altars: false
     0 | D:1      | 0 ||| qw: Do Orc after clearing Dungeon:15 true
     0 | D:1      | 0 ||| qw: Do second Lair branch before Depths: true
     0 | D:1      | 0 ||| qw: Lair rune preference: random
     0 | D:1      | 0 ||| qw: Goals: Normal
     0 | D:1      | 0 ||| PLANNING D:1-11
    78 | D:1      | Reached XP level 2. HP: 23/23 MP: 0/0
   381 | D:1      | 381 ||| READING 4 scrolls labelled XEOFIOVUONT.
   381 | D:1      | 381 ||| IDENTIFYING scroll labelled COMO QIBIDUSER
   382 | D:1      | 382 ||| DROPPING scroll of butterflies.
   383 | D:1      | 383 ||| DROPPING scroll of vulnerability.
   389 | D:2      | Noticed Robin
   390 | D:2      | 390 ||| STAIRDANCE
   395 | D:1      | Reached XP level 3. HP: 28/28 MP: 0/0
   395 | D:1      | Learned a level 1 spell: Necrotise
   397 | D:2      | 397 ||| STAIRDANCE
   401 | D:1      | HP: 6/28 [goblin/+0 club[Robin] (6)]
   402 | D:1      | Reached skill level 4 in Ranged Weapons
   507 | D:2      | 507 ||| STAIRDANCE
   511 | D:1      | HP: 7/28 [hobgoblin[Robin] (6)]
   617 | D:2      | 617 ||| STAIRDANCE
   645 | D:2      | 645 ||| STAIRDANCE
   708 | D:2      | 708 ||| STAIRDANCE
   719 | D:2      | Killed Robin
   749 | D:2      | Reached XP level 4. HP: 33/34 MP: 0/0
   774 | D:2      | Reached skill level 3 in Fighting
   842 | D:2      | Found Qyiluluv's Armour Emporium.
   850 | D:2      | 850 ||| SHOPLISTING +0 ring mail (56 gold, have 29).
   850 | D:2      | 850 ||| SHOPLISTING +1 ring mail of Gozag, Witching {Dex+3
                  | Stlth+} (351 gold, have 29).
   861 | D:2      | Found a shadowy altar of Dithmenos.
   946 | D:2      | Identified the +1 hand axe "Djinni's Bane" {venom, rC-
                  | Str+6 Dex+3}
  1393 | D:2      | 1393 ||| UPGRADING to +0 helmet.
  1398 | D:2      | 1398 ||| UPGRADING to +0 ring mail.
  1408 | D:2      | 1408 ||| DROPPING +0 leather armour.
  1409 | D:2      | 1409 ||| READING 5 scrolls of identify.
  1409 | D:2      | 1409 ||| IDENTIFYING lumpy white potion
  1410 | D:2      | 1410 ||| READING 4 scrolls of identify.
  1410 | D:2      | 1410 ||| IDENTIFYING golden potion
  1411 | D:2      | 1411 ||| DROPPING potion of magic.
  1577 | D:3      | Found a faded altar of an unknown god.
  1640 | D:3      | Reached skill level 1 in Armour
  1643 | D:3      | HP: 7/35 [something/magic dart (5)]
  1647 | D:3      | HP: 3/35 [something/magic dart (4)]
  1652 | D:3      | Killed from afar by an orc wizard

Levels and vault maps discovered:
D:1:      eino_arrival_druids_welcome, layout_rooms
D:2:      layout_basic, serial_shops, shop, basic_altar, chequers_mini_garden,
          dreamdust_princess_bridge, uniq_robin
D:3:      layout_loops_corners, basic_ecumenical_altar, minmay_goblin_outpost

Skill      XL: |  1  2  3  4 |
---------------+-------------+-----
Ranged Weapons | 4 |  4.0
Fighting       | 3 |  3.0
Armour         | 1 |  1.0
Dodging        | |  2.5
Stealth        | |  0.7

Action                     |  1- 3 |  4- 6 || total
---------------------------+-------+-------++-------
   Fire: Shortbow          |    93 |    74 ||   167
    Use: Scroll            |     1 |     2 ||     3
 Armour: Leather armour    |    41 |     7 ||    48
         Ring mail         |       |    27 ||    27
  Dodge: Dodged            |    49 |    22 ||    71

Table legend:
 A = Non-vault XP
 B = Vault XP
 C = Vault XP percentage of total XP
 D = Non-vault monster count
 E = Vault monster count
 F = Vault count percentage of total count
                 A         B        C        D         E       F
            +---------+---------+-------+---------+---------+-------
      Total |      73 |      39 |  34.8 |      40 |      13 |  24.5
            +---------+---------+-------+---------+---------+-------
        D:1 |      29 |      23 |  44.2 |      18 |      12 |  40.0
        D:2 |      20 |      16 |  44.4 |      12 |       1 |   7.7
        D:3 |      24 |       0 |   0.0 |      10 |       0 |   0.0
            +---------+---------+-------+---------+---------+-------
